 Seeded DCSS version 0.30-a0-845-g7c6808c8ce (webtiles) character file.

Game seed: 4290115023798346970 (custom seed)

801 demibob the Slicer (level 8, 0/44 HPs)
             Began as a Kobold Brigand on Mar 3, 2023.
             Slain by an iguana (10 damage)
             ... on level 5 of the Dungeon.
             The game lasted 00:04:40 (3675 turns).

demibob the Slicer (Kobold Brigand)                 Turns: 3675, Time: 00:04:40

Health: 0/44       AC:  3    Str:  8    XL:     8   Next: 14%
Magic:  8/8        EV: 14    Int: 12    God:
Gold:   287        SH:  0    Dex: 19    Spells: 7/7 levels left

rFire   . . .      SeeInvis .    a - +2 dagger
rCold   + . .      Faith    .    (no shield)
rNeg    . . .      Spirit   .    b - +0 robe
rPois   +          Reflect  .    (no helmet)
rElec   .          Rampage  .    c - +0 cloak
rCorr   .                        (no gloves)
Will    .....                    (no boots)
Stlth   ++++                     (no amulet)
HPRegen 0.27/turn                P - ring of poison resistance
MPRegen 0.11/turn                C - ring of protection from cold

@: studying Polearms
A: small, no large weapons, nightstalker 3
a: no special abilities


You were on level 5 of the Dungeon.
You visited 1 branch of the dungeon, and saw 5 of its levels.

You collected 287 gold pieces.


Innate Abilities, Weirdness & Mutations

You are small and have problems with some larger weapons.
You are completely attuned to the shadows.


   Skills:
 - Level 2.1 Fighting
 + Level 8.7 Short Blades
 - Level 2.1 Throwing
 - Level 1.2 Dodging
 - Level 5.3 Stealth
 + Level 5.5 Necromancy


You had 7 spell levels left.
You didn't know any spells.
Your spell library contained the following spells:

 Spells                   Type           Power      Damage    Failure   Level
 Foxfire                  Conj/Fire      0%         2x1d4     32%         1
 Inner Flame              Hex/Fire       0%         N/A       69%         3
 Cause Fear               Hex            0%         N/A       97%         4
 Fireball                 Conj/Fire      0%         3d3       100%        5
 Starburst                Conj/Fire      0%         6d3       100%        6
 Discord                  Hex            0%         N/A       100%        8

Inventory:

Hand Weapons
 a - a +2 dagger (weapon)
 g - a +0 dagger of pain
Missiles
 d - 13 poisoned darts (quivered)
 e - 3 curare-tipped darts {=f}
Armour
 b - a +0 robe (worn)
 c - a +0 cloak (worn)
Magical Staves
 i - a staff of death {!a}
Jewellery
 l - the ring "Tiq Aqud" {*Slow rC+ Int+7 Dex-3 SInv}
   (You found it on level 3 of the Dungeon)

   [ring of protection from cold]

   Int:       It affects your intelligence (+7).
   Dex:       It affects your dexterity (-3).
   rC:        It protects you from cold.
   SInv:      It lets you see invisible.
   *Slow:     It may slow you when you take damage.
 C - a ring of protection from cold (right hand)
 P - a ring of poison resistance (left hand)
Wands
 o - a wand of polymorph (8)
Scrolls
 n - a scroll of teleportation {@r2}
 p - a scroll of poison
 q - a scroll of identify {@r1}
Potions
 f - a potion of berserk rage {!q}
 h - a potion of degeneration {unknown}
 j - a potion of curing {@q1}
 k - 2 potions of mutation {unknown}
 m - 2 potions of magic {unknown}
 r - a potion of resistance {unknown}
 s - a potion of haste {unknown}

Dungeon Overview and Level Annotations

Branches:
Dungeon (5/15)
 Temple: D:4-7

Altars:

Annotations:
D:4 1 runed translucent door

▒≈.†.#......<#░
▒▒≈...........##
▒▒▒▒≈≈.#..######.#
.##.#..#..#
.......#..# #....
.#.....#..# #...
.<.......< #..#
....##.... #l.##.
.......##### #@....
....#......# #..#..
....#..###.# ###..#.#
.#.##..###.# #.......
.#.##......###.#.#...
.#.....##......#...##
....##.##.####......
######....# #......
###### #.####


You could see an iguana.


Message History

An iguana comes into view.
You closely miss the iguana. The iguana bites you!
You hit the iguana but do no damage. You hit the iguana but do no damage.
The iguana bites you!
You closely miss the iguana. You barely miss the iguana. The iguana bites you!
* * * LOW HITPOINT WARNING * * *
You are too injured to fight recklessly!
You are too injured to fight recklessly!
You are too injured to fight recklessly!
You are too injured to fight recklessly!
You are too injured to fight recklessly!
You are too injured to fight recklessly!
You are too injured to fight recklessly!
You are too injured to fight recklessly!
You are too injured to fight recklessly!
You are too injured to fight recklessly!
You are too injured to fight recklessly!
You are too injured to fight recklessly!
You are too injured to fight recklessly!
You hit the iguana.
The iguana is moderately wounded.
The iguana bites you!
* * * LOW HITPOINT WARNING * * *
You hit the iguana. You punch the iguana, but do no damage.
The iguana is heavily wounded.
You hit the iguana.
The iguana is heavily wounded.
The iguana bites you!
You die...

Skill      XL: |  1  2  3  4  5  6  7 |
---------------+----------------------+-----
Short Blades   | 3 4 5 6 7 8 |  8.7
Necromancy     | 1 2 3 4 5 |  5.5
Fighting       | |  2.1
Throwing       | |  2.1
Dodging        | |  1.2
Stealth        | |  5.3

Action                     |  1- 3 |  4- 6 |  7- 9 || total
---------------------------+-------+-------+-------++-------
  Melee: Dagger            |    68 |   177 |    79 ||   324
         Punch             |       |       |     4 ||     4
    Use: Scroll            |     1 |     6 |       ||     7
         Potion            |       |     2 |     1 ||     3
   Stab: Sleeping          |    23 |    16 |     8 ||    47
 Armour: Robe              |     5 |    14 |     5 ||    24
  Dodge: Dodged            |    30 |    87 |    21 ||   138

Levels and vault maps discovered:
D:1:      kennysheep_arrival_seaside, layout_basic, minmay_gold_behind_fungi,
          wander_ebering_terrifying_dragon_lair
D:2:      layout_rooms, nicolae_ecumenical_snake_handling, uniq_jessica
D:3:      layout_basic, nicolae_elevator_lobby_asterisk, uniq_crazy_yiuf_cottage
D:4:      layout_rooms, ebering_ghost_sewer_d, dreamdust_wishing_well,
          uniq_pikel, uniq_ijyb
D:5:      layout_basic, lightli_temple_of_fire, reono_crystal_passage,
          minmay_manual_mess

Notes
Turn   | Place    | Note
-------+----------+-------------------------------------------
     0 | D:1      | demibob the Kobold Brigand began the quest for the Orb.
     0 | D:1      | Reached XP level 1. HP: 12/12 MP: 1/1
    46 | D:1      | Reached skill level 3 in Short Blades
   164 | D:1      | Reached XP level 2. HP: 9/17 MP: 2/2
   344 | D:1      | Reached skill level 4 in Short Blades
   408 | D:1      | Identified a scroll of acquirement
   408 | D:1      | Acquired a +0 dagger of pain
   692 | D:1      | Reached XP level 3. HP: 21/21 MP: 3/3
  1353 | D:2      | Reached skill level 1 in Necromancy
  1533 | D:2      | Reached XP level 4. HP: 26/26 MP: 4/4
  1629 | D:2      | Reached skill level 5 in Short Blades
  1754 | D:2      | Found a faded altar of an unknown god.
  1772 | D:2      | Reached skill level 2 in Necromancy
  1901 | D:2      | Reached XP level 5. HP: 24/30 MP: 5/5
  1954 | D:2      | Noticed Jessica
  1960 | D:2      | Killed Jessica
  2109 | D:3      | Identified the ring "Tiq Aqud" {*Slow rC+ Int+7 Dex-3 SInv}
  2701 | D:4      | Reached skill level 6 in Short Blades
  2701 | D:4      | Reached skill level 3 in Necromancy
  2701 | D:4      | Reached XP level 6. HP: 35/35 MP: 6/6
  2731 | D:4      | Noticed a black bear
  2735 | D:4      | Killed a black bear
  2737 | D:4      | Found a runed translucent door.
  2827 | D:4      | Reached skill level 7 in Short Blades
  2827 | D:4      | Reached skill level 4 in Necromancy
  3038 | D:4      | Reached XP level 7. HP: 40/40 MP: 7/7
  3219 | D:5      | Entered Level 5 of the Dungeon
  3227 | D:5      | Noticed a wraith
  3244 | D:5      | HP: 2/60 [wraith (11)]
  3251 | D:5      | Killed a wraith
  3252 | D:5      | Reached skill level 8 in Short Blades
  3252 | D:5      | Reached skill level 5 in Necromancy
  3434 | D:5      | Reached XP level 8. HP: 44/44 MP: 8/8
  3675 | D:5      | Slain by an iguana

Vanquished Creatures
  A wraith (D:5)
  A black bear (D:4)
  A phantom (D:5)
  A scorpion (D:5)
  A killer bee (D:5)
  2 hounds
  An orc priest (D:4)
  Jessica (D:2)
  An orc wizard (D:4)
  3 iguanas (D:5)
  8 adders
  4 worms
  5 dart slugs
  4 orcs (D:4)
  4 bats
  5 endoplasms
  5 giant cockroaches
  5 goblins
  9 hobgoblins
  4 kobolds
  6 quokkas
  3 ball pythons
  4 frilled lizards
  9 rats
88 creatures vanquished.

Vanquished Creatures (others)
  3 toadstools (D:1)
3 creatures vanquished.

Grand Total: 91 creatures vanquished

Table legend: (Time is in decaauts)
 A = Elapsed time spent in this place.
 B = Non-inter-level travel time spent in this place.
 C = Inter-level travel time spent in this place.
 D = Time resting spent in this place.
 E = Time spent auto-exploring this place.
 F = Levels seen in this place.
 G = Mean time per level.
                   A        B        C        D        E       F      G
               +--------+--------+--------+--------+--------+-----+--------+
         Total |   3599 |   3470 |    129 |    467 |   2411 |   5 |  719.8 |
       Dungeon |   3599 |   3470 |    129 |    467 |   2411 |   5 |  719.8 |
               +--------+--------+--------+--------+--------+-----+--------+

Top non-repeatable levels by time:
     D:1: 1310 daAuts
     D:2: 740 daAuts
     D:3: 602 daAuts
     D:4: 500 daAuts
     D:5: 446 daAuts

Table legend:
 A = Non-vault XP
 B = Vault XP
 C = Vault XP percentage of total XP
 D = Non-vault monster count
 E = Vault monster count
 F = Vault count percentage of total count
                 A         B        C        D         E       F
            +---------+---------+-------+---------+---------+-------
      Total |     686 |     459 |  40.1 |      79 |       9 |  10.2
            +---------+---------+-------+---------+---------+-------
        D:1 |      37 |       1 |   2.6 |      21 |       1 |   4.5
        D:2 |      83 |      64 |  43.5 |      20 |       3 |  13.0
        D:3 |      41 |       0 |   0.0 |      15 |       0 |   0.0
        D:4 |     300 |       0 |   0.0 |      17 |       0 |   0.0
        D:5 |     225 |     394 |  63.7 |       6 |       5 |  45.5
            +---------+---------+-------+---------+---------+-------
